 Dungeon Crawl Stone Soup version 0.31-a0-981-geadf994542 (webtiles) character file.

Game seed: 5974819782851218328

11143 sammy202020 the Protected (level 11, -3/154 HPs)
             Began as an Armataur Berserker on Nov 1, 2023.
             Was a High Priest of Trog.
             Killed from afar by an electric eel (10 damage)
             ... with a bolt of electricity
             ... on level 11 of the Dungeon.
             The game lasted 00:24:41 (10821 turns).

sammy202020 the Protected (Armataur Berserker)     Turns: 10821, Time: 00:24:41

Health: -3/154     AC: 20    Str: 22    XL:     11   Next: 45%
Magic:  11/11      EV: 10    Int: 11    God:    Trog [*****.]
Gold:   432        SH:  0    Dex:  8    Spells: 10/10 levels left

rFire   . . .        c - +4 great mace "Grim Tooth" {heavy, rN++ Dex-3}
rCold   . . .        (shield currently unavailable)
rNeg    + + .        b - +0 plate armour
rPois   .            (no helmet)
rElec   .            r - +0 cloak
rCorr   .            t - +0 pair of gloves
SInv    .            (no barding)
Will    .....        k - amulet of the acrobat Stlth
                     g - +5 ring of evasion
HPRegen 0.45/turn    d - +4 ring of protection
MPRegen 0.12/turn

%: acrobat, roll
@: berserking, very quick
A: large, rugged brown scales 3, deformed body, armoured tail, roll, long
tongue, awkward tongue
a: Renounce Religion, Berserk, Trog's Hand, Brothers in Arms


You were on level 11 of the Dungeon.
You worshipped Trog.
Trog was extremely pleased with you.
You visited 1 branch of the dungeon, and saw 11 of its levels.

You collected 432 gold pieces.

Inventory:

Hand Weapons
 c - the +4 great mace "Grim Tooth" (weapon) {heavy, rN++ Dex-3}
   (You took it off an ogre on level 8 of the Dungeon)

   Dex-3:     It affects your dexterity (-3).
   rN++:      It greatly protects you from negative energy.
 p - a +1 flail of protection
 q - a +1 hammer of protection
Armour
 b - a +0 plate armour (worn)
 r - a +0 cloak (worn)
 s - a +0 kite shield
 t - a +0 pair of gloves (worn)
 z - +0 acid dragon scales
Jewellery
 d - a +4 ring of protection (right hand)
 g - a +5 ring of evasion (left hand)
 h - a +6 ring of intelligence
 j - a ring of ice
 k - an amulet of the acrobat (around neck)
Wands
 a - a wand of paralysis (4)
 i - a wand of roots (14)
 v - a wand of polymorph (11)
Scrolls
 e - 2 scrolls of fog
 m - 3 scrolls of teleportation
 y - a scroll of acquirement {unknown}
Potions
 f - 2 potions of heal wounds
 l - 3 potions of curing
 n - a potion of ambrosia
 o - a potion of resistance
 u - a potion of mutation {unknown}
 w - a potion of lignification {unknown}
 x - a potion of enlightenment {unknown}
 A - 2 potions of haste
 B - a potion of brilliance {unknown}


   Skills:
 * Level 9.6 Fighting
 * Level 9.5 Maces & Flails
 * Level 11.9 Armour
 - Level 1.3 Dodging
 - Level 7.3 Shields


You had 10 spell levels left.
You didn't know any spells.
Your spell library was empty.

Dungeon Overview and Level Annotations

Branches:
Dungeon (11/15)            Temple (0/1) D:7             Orc (0/2) D:9
   Lair: D:8-11

Altars:
Elyvilon
Hepliaklqana
Kikubaaqudgha
Okawaru
Sif Muna

Shops:
D:6 *


Innate Abilities, Weirdness & Mutations

You are completely covered in rugged brown scales. (AC +3, +7% HP)
Armour fits poorly on your strangely shaped body.
You have a long armoured tail.
You roll when moving toward enemies. (Rampage)
Your long tongue fully drains potion bottles. (2x potion effects)
Your tongue gives you trouble enunciating. (1.5x scroll delay)


Message History

The manticore completely misses you.
The manticore claws you but does no damage.
The manticore barely misses you.
You closely miss the manticore.
The manticore is severely wounded.
An orc priest comes into view. It is wielding a +0 mace.
The manticore bites you!
* * * LOW HITPOINT WARNING * * *
The manticore claws you but does no damage. x2
You sock the manticore!
Your tail-slap misses the manticore.
The manticore is almost dead.
The manticore bites you.
* * * LOW HITPOINT WARNING * * *
The manticore claws you.
* * * LOW HITPOINT WARNING * * *
The manticore closely misses you.
You thump the manticore!
You kill the manticore!
Trog accepts your kill.
The electric eel shoots out a bolt of lightning at you!
The bolt of electricity hits you but does no damage.
You hammer the orc warrior like a gong!!!
You kill the orc warrior!
Trog accepts your kill.
The raiju bursts into living lightning!
The living lightning hits you!
* * * LOW HITPOINT WARNING * * *
The raiju blinks!
The orc priest casts a cantrip, but nothing happens.
You closely miss the raiju.
The raiju is severely wounded.
The raiju bursts into living lightning!
The living lightning hits you but does no damage.
The raiju blinks!
The orc priest invokes the aid of Beogh against you.
Beogh smites you!
* * * LOW HITPOINT WARNING * * *
The electric eel shoots out a bolt of lightning at you!
The bolt of electricity hits you!
You die...

### ##≈~≈
##≈~~..
≈~~....
###S......
####).o....~~
#..)§...?~~~~
#h@#..)~~≈##
#..###~≈###
#..# ### #..#
#..# #..#
#..# #!.#
#..#


You could see a raiju, an electric eel and an orc priest.

Vanquished Creatures
  Josephine (D:10)
  Harold (D:9)
  2 two-headed ogres
  Pikel (D:5)
  The ghost of bchevrier the Insei, a novice GnWn of Hepliaklqana (D:8)
  A cyclops (D:9)
  A manticore (D:11)
  Maurice (D:9)
  A kobold demonologist (D:10)
  4 wraiths (D:10)
  A wyvern (D:8)
  3 yaks (D:10)
  2 steam dragons (D:7)
  Menkaure (D:5)
  A warg (D:9)
  3 acid dragons
  3 water moccasins
  2 sky beasts
  6 orc warriors
  A black bear (D:6)
  An ice beast (D:5)
  3 ogres (D:8)
  2 centaurs
  2 phantoms
  4 kobold brigands
  2 bullfrogs
  2 scorpions
  7 wights (D:8)
  7 howler monkeys
  3 killer bees (D:9)
  An electric eel (D:11)
  7 crimson imps (D:10)
  Crazy Yiuf (D:3)
  5 hounds
  A jelly (D:5)
  11 orc priests
  2 sleepcaps
  6 iguanas
  9 orc wizards
  A gnoll (D:9)
  6 adders
  A shadow imp (D:7)
  4 white imps
  An ufetubus (D:7)
  A worm (D:2)
  2 dart slugs
  37 orcs
  7 ball pythons
  6 endoplasms
  3 giant cockroaches (D:1)
  8 goblins
  7 hobgoblins
  7 jackals
  2 quokkas (D:1)
  4 bats
  3 frilled lizards (D:1)
  37 kobolds
  5 rats
255 creatures vanquished.

Vanquished Creatures (others)
  An ufetubus (D:7)
1 creature vanquished.

Grand Total: 256 creatures vanquished

Notes
Turn   | Place    | Note
-------+----------+-------------------------------------------
     0 | D:1      | sammy202020 the Armataur Berserker began the quest for the
                  | Orb.
     0 | D:1      | Reached XP level 1. HP: 19/19 MP: 1/1
    70 | D:1      | Reached XP level 2. HP: 26/26 MP: 2/2
   311 | D:1      | Reached skill level 3 in Armour
   465 | D:1      | Reached ** piety under Trog
   520 | D:1      | Reached XP level 3. HP: 31/33 MP: 3/3
  1067 | D:2      | Found an ancient bone altar of Kikubaaqudgha.
  1946 | D:3      | Found a runed translucent door.
  1947 | D:3      | Noticed Crazy Yiuf
  1957 | D:3      | Killed Crazy Yiuf
  1958 | D:3      | Reached XP level 4. HP: 35/40 MP: 4/4
  2507 | D:4      | Reached skill level 4 in Armour
  2509 | D:4      | Reached XP level 5. HP: 29/49 MP: 5/5
  2917 | D:4      | Reached XP level 6. HP: 29/55 MP: 6/6
  3413 | D:4      | Found an iron altar of Okawaru.
  3616 | D:4      | Reached *** piety under Trog
  3624 | D:4      | Reached skill level 5 in Armour
  3624 | D:4      | Reached skill level 1 in Shields
  3952 | D:5      | Entered Level 5 of the Dungeon
  4025 | D:5      | Noticed an orc warrior
  4048 | D:5      | Killed an orc warrior
  4049 | D:5      | Reached XP level 7. HP: 58/64 MP: 7/7
  4294 | D:5      | Noticed Pikel
  4320 | D:5      | Killed Pikel
  4321 | D:5      | Reached skill level 5 in Fighting
  4321 | D:5      | Reached skill level 5 in Maces & Flails
  4321 | D:5      | Reached skill level 6 in Armour
  4321 | D:5      | Reached XP level 8. HP: 42/72 MP: 8/8
  4519 | D:5      | Noticed Menkaure
  4529 | D:5      | Killed Menkaure
  5029 | D:5      | Reached skill level 7 in Armour
  5266 | D:5      | Found a hazy altar of Hepliaklqana.
  5266 | D:5      | Found a shimmering blue altar of Sif Muna.
  5573 | D:6      | Reached skill level 5 in Shields
  5681 | D:6      | Reached XP level 9. HP: 43/80 MP: 9/9
  5831 | D:6      | Reached **** piety under Trog
  5933 | D:6      | Found Cyther's CLEARANCE SALE!.
  6179 | D:7      | Reached skill level 8 in Armour
  6751 | D:7      | Found a staircase to the Ecumenical Temple.
  7795 | D:8      | Identified the +4 great mace "Grim Tooth" {heavy, rN++
                  | Dex-3}
  7797 | D:8      | Noticed bchevrier's ghost (novice GnWn)
  7798 | D:8      | Found a transporter.
  7815 | D:8      | Found a transporter.
  8090 | D:8      | Reached skill level 9 in Armour
  8340 | D:8      | Reached XP level 10. HP: 92/92 MP: 10/10
  8344 | D:8      | Killed bchevrier's ghost
  8361 | D:8      | Identified the +2 shortbow of Honour {heavy, rF- Str+2
                  | Int+3}
  8593 | D:9      | Noticed Harold
  8619 | D:9      | Killed Harold
  8620 | D:9      | Reached skill level 10 in Armour
  8627 | D:9      | Noticed a cyclops
  8677 | D:9      | Killed a cyclops
  8848 | D:9      | Found a staircase to the Orcish Mines.
  9042 | D:9      | Noticed Maurice
  9042 | D:9      | Paralysed by Maurice for 5 turns
  9053 | D:9      | Paralysed by something for 3 turns
  9058 | D:9      | Paralysed by something for 2 turns
  9063 | D:9      | Something stole a +6 ring of intelligence
  9063 | D:9      | Something stole a +1 hammer of protection
  9064 | D:9      | Something stole a throwing net
  9071 | D:9      | Paralysed by something for 4 turns
  9074 | D:9      | Something stole a +0 kite shield
  9093 | D:9      | Paralysed by something for 3 turns
  9097 | D:9      | Something stole 333 gold
  9101 | D:9      | Paralysed by something for 4 turns
  9110 | D:9      | Paralysed by something for 2 turns
  9131 | D:9      | Paralysed by something for 4 turns
  9137 | D:9      | Killed Maurice
 10097 | D:9      | Found a white marble altar of Elyvilon.
 10295 | D:10     | Entered Level 10 of the Dungeon
 10408 | D:10     | Reached XP level 11. HP: 101/101 MP: 11/11
 10440 | D:10     | Reached skill level 11 in Armour
 10456 | D:10     | Reached ***** piety under Trog
 10679 | D:10     | Noticed Josephine
 10685 | D:10     | Killed Josephine
 10690 | D:10     | Noticed a two-headed ogre
 10695 | D:10     | Killed a two-headed ogre
 10733 | D:10     | You fall into a shaft and drop 1 floor!
 10734 | D:11     | Noticed a two-headed ogre
 10739 | D:11     | Killed a two-headed ogre
 10821 | D:11     | HP: 7/154 [orc priest/divine providence (12)]
 10821 | D:11     | Killed from afar by an electric eel

Illustrated notes

Levels and vault maps discovered:
D:1:      saegor_arrival_simple_c, layout_loops_corners, grunt_decor_clamped,
          hex_large
D:2:      wad_lake_hut, layout_basic, serial_forest,
          infiniplex_forest_side_room, infiniplex_forest_clump_curved,
          infiniplex_forest_straight_3, infiniplex_forest_clump_diagonal,
          infiniplex_forest_corner_2, infiniplex_forest_corner_1, basic_altar
D:3:      layout_loops_cross, nicolae_twisty_statue_hallways,
          uniq_crazy_yiuf_cottage
D:4:      kennysheep_kobold_camp, layout_layer_cave, kennysheep_okawaru_gauntlet
D:5:      layout_basic, gammafunk_temple_overflow_statue, uniq_pikel,
          uniq_menkaure
D:6:      layout_rooms, reono_crystal_passage, nicolae_shop_clearance
D:7:      layout_cave_pods, minmay_temple_entry_proselytizer, solitary_fountain,
          due_unseen_surprise
D:8:      layout_basic, gammafunk_ghost_smash
D:9:      layout_grid_maze, nicolae_overflow_hidden_temple, erik_orc_3,
          uniq_maurice, uniq_harold
D:10:     layout_loops_ring, david_lair_generic, minmay_nine_imps,
          uniq_josephine
D:11:     layout_long_grid, nicolae_have_a_lightning_rod

Skill      XL: |  1  2  3  4  5  6  7  8  9 10 11 |
---------------+----------------------------------+-----
Fighting       | 3 4 5 6 7 8 9 |  9.6
Maces & Flails | 3 4 5 6 7 8 9 |  9.5
Armour         | 3 4 5 6 7 9 10 11 | 11.9
Shields        | 1 3 5 6 7 |  7.3
Dodging        | |  1.3

Action                     |  1- 3 |  4- 6 |  7- 9 | 10-12 || total
---------------------------+-------+-------+-------+-------++-------
  Melee: Mace              |   147 |   159 |   201 |       ||   507
         Tailslap          |    15 |    23 |    61 |    20 ||   119
         Punch             |     1 |     1 |       |       ||     2
         Flail             |       |       |   225 |    52 ||   277
         Great mace        |       |       |       |   172 ||   172
 Invoke: Berserk           |     1 |     2 |     5 |     3 ||    11
         Trog's Hand       |       |     1 |     2 |     2 ||     5
    Use: Scroll            |     1 |     1 |    12 |     3 ||    17
         Potion            |       |       |     2 |     2 ||     4
 Armour: Animal skin       |    41 |       |       |       ||    41
         Leather armour    |    38 |   104 |     3 |       ||   145
         Chain mail        |       |       |   142 |       ||   142
         Plate armour      |       |       |   228 |   261 ||   489
  Dodge: Dodged            |   100 |   148 |   202 |   153 ||   603
  Block: Kite shield       |       |    23 |   209 |    14 ||   246

Table legend: (Time is in decaauts)
 A = Elapsed time spent in this place.
 B = Non-inter-level travel time spent in this place.
 C = Inter-level travel time spent in this place.
 D = Time resting spent in this place.
 E = Time spent auto-exploring this place.
 F = Levels seen in this place.
 G = Mean time per level.
                   A        B        C        D        E       F      G
               +--------+--------+--------+--------+--------+-----+--------+
         Total |  11172 |  10981 |    191 |   1260 |   7298 |  11 | 1015.6 |
       Dungeon |  11172 |  10981 |    191 |   1260 |   7298 |  11 | 1015.6 |
               +--------+--------+--------+--------+--------+-----+--------+

Top non-repeatable levels by time:
     D:9: 1879 daAuts
     D:4: 1664 daAuts
     D:7: 1482 daAuts
     D:5: 1444 daAuts
     D:1: 1069 daAuts
     D:8: 869 daAuts
     D:3: 845 daAuts
     D:6: 838 daAuts
    D:10: 520 daAuts
     D:2: 462 daAuts
    D:11: 96 daAuts
